AoeStats
← 钓鱼佬

Hill Fort

506845121Analyzed
4v4 RM · 17d ago on Sep 15, 2026· 54m 37s· 8 players
Game mode
Random Map
Map size
Large (8 player)
Population
200
Speed
Normal
Resources
Standard
Victory
Conquest
Starting age
Dark Age
Ending age
Imperial Age
RankedLock teamsTeams togetherTeam positionsShared explorationLock speedFull tech treeHidden civsTurbo modeCheats
Victory
Defeat
🇨🇳 Burgundians · China
1560
+13
1516
+15
🇻🇳 Gurjaras · Vietnam
1509
+15
🇨🇳 Lithuanians · China
1500
+15
🇨🇳 Bohemians · China
1606
-20
🇨🇳 Malay · China
1487
-14
1482
-14
🇨🇳 Khitans · China
1368
-10
Yucatan_water_supremacy
3:03 Loom
13:27 Feudal Age
14:33 Double-Bit Axe
17:05 Castle Age
15:03 Double-Bit Axe
15:41 Horse Collar
15:54 Gold Mining
17:04 Fletching
19:12 Bodkin Arrow
20:04 Ballistics
19:56 Clinker Construction
21:51 Bow Saw
28:30 Imperial Age
28:42 Ballistics
29:18 Bracer
44:40 Town Watch
47:56 Elite Longship
50:23 Chemistry
49:27 Padded Archer Armor
49:42 Medium Warships
51:53 Leather Archer Armor
51:48 Caravan
53:07 Ring Archer Armor
53:01 Carvel Hull
52:52 Careening
54:41 Heavy Plow
Sandwich
4:03 Double-Bit Axe
6:44 Horse Collar
11:54 Feudal Age
13:03 Bow Saw
16:03 Castle Age
14:41 Heavy Plow
14:38 Gold Mining
17:51 Crop Rotation
18:21 Wheelbarrow
21:29 Hand Cart
25:24 Scale Barding Armor
25:30 Forging
25:58 Gold Shaft Mining
28:30 Imperial Age
27:03 Chain Barding Armor
27:34 Iron Casting
28:33 Two-Man Saw
28:04 Cavalier
29:05 Husbandry
29:50 Plate Barding Armor
30:15 Blast Furnace
29:44 Pikeman
30:16 Light Cavalry
31:09 Capped Ram
34:38 Squires
35:02 Fletching
34:59 Light Cavalry
36:11 Halberdier
37:22 Bodkin Arrow
37:13 Hussar
40:01 Bracer
40:06 Scale Mail Armor
41:30 Loom
42:22 Chain Mail Armor
43:36 Caravan
44:07 Coinage
45:09 Town Watch
46:05 Plate Mail Armor
49:37 Padded Archer Armor
53:34 Paladin
54:48 Banking
56:00 Chemistry
投掷哥布林
8:14 Loom
10:55 Feudal Age
14:39 Castle Age
13:51 Double-Bit Axe
14:18 Horse Collar
19:53 Fervor
21:24 Bow Saw
23:00 Wheelbarrow
22:11 Town Watch
24:55 Gold Mining
25:35 Stone Mining
26:20 Hand Cart
26:39 Heavy Plow
27:20 Scale Barding Armor
28:37 Chain Barding Armor
28:28 Forging
28:52 Husbandry
29:03 Bloodlines
33:11 Imperial Age
31:44 Stone Shaft Mining
33:46 Iron Casting
33:50 Elite Leitis
35:00 Conscription
35:19 Plate Barding Armor
36:57 Two-Man Saw
48:49 Crop Rotation
48:55 Caravan
50:05 Masonry
50:16 Ballistics
50:56 Chemistry
49:50 Fletching
timembh
10:32 Feudal Age
12:05 Loom
15:42 Castle Age
13:54 Double-Bit Axe
14:39 Horse Collar
16:29 Fletching
18:15 Bodkin Arrow
20:00 Wheelbarrow
21:42 Padded Archer Armor
30:03 Padded Archer Armor
33:04 Hand Cart
33:43 Leather Archer Armor
35:16 Forging
39:40 Town Watch
45:02 Imperial Age
44:06 Iron Casting
44:58 Caravan
45:45 Kshatriyas
46:35 Scale Mail Armor
47:01 Bracer
47:36 Conscription
49:01 Chain Mail Armor
49:29 Elite Chakram Thrower
52:15 Plate Mail Armor
王小牛
11:47 Feudal Age
15:30 Castle Age
13:48 Double-Bit Axe
13:48 Domestication
14:31 Loom
16:53 Bow Saw
19:41 Wheelbarrow
21:25 Light Cavalry
22:05 Husbandry
22:19 Forging
25:06 Iron Casting
27:11 Scale Barding Armor
28:43 Hand Cart
29:02 Chain Barding Armor
30:12 Gold Mining
34:45 Imperial Age
34:41 Town Watch
34:49 Hussar
36:08 Plate Barding Armor
36:09 Conscription
35:55 Ordo Cavalry
36:37 Heavy Camel Rider
42:23 Caravan
42:54 Coinage
44:01 Stone Mining
椒香三角铁
11:56 Feudal Age
13:21 Loom
16:07 Castle Age
14:46 Double-Bit Axe
27:24 Fishing Lines
27:57 Bow Saw
28:59 Gillnets
30:59 Wheelbarrow
30:10 Pikeman
30:50 Squires
35:08 Imperial Age
32:54 Hand Cart
33:25 Forging
34:13 Halberdier
38:54 Capped Ram
43:30 Husbandry
42:51 Elite Battle Elephant
44:35 Iron Casting
44:05 Scale Barding Armor
44:33 Town Watch
46:53 Heavy Scorpion
47:45 Siege Engineers
48:01 Ballistics
48:42 Chemistry
47:55 Gold Mining
47:56 Stone Mining
51:38 Blast Furnace
50:29 Fletching
54:09 Halberdier
钓鱼佬
7:46 Loom
10:40 Feudal Age
11:19 Double-Bit Axe
11:29 Horse Collar
16:19 Wheelbarrow
15:56 Fletching
20:32 Castle Age
20:22 Padded Archer Armor
20:39 Crossbowman
21:17 Bodkin Arrow
22:17 Leather Archer Armor
24:25 Chemistry
26:24 Ballistics
26:40 Hand Cart
27:06 Bow Saw
35:55 Town Watch
38:53 Imperial Age
38:07 Pikeman
40:53 Man-at-Arms
Princess Mi Amore Cadenza
8:50 Feudal Age
9:43 Double-Bit Axe
10:09 Loom
14:33 Wheelbarrow
15:19 Horse Collar
21:29 Castle Age
19:33 Stone Mining
19:38 Fletching
20:07 Gold Mining
21:50 Bloodlines
23:09 Scale Barding Armor
24:25 Chain Barding Armor
24:44 Heavy Plow
26:11 Forging
25:47 Light Cavalry
27:06 Bow Saw
28:59 Hand Cart
31:21 Bodkin Arrow
31:26 Padded Archer Armor
32:58 Leather Archer Armor
36:21 Imperial Age
37:43 Conscription
38:13 Town Watch
38:40 Thumb Ring
41:06 Chemistry
42:36 Ballistics
42:48 Ring Archer Armor
41:58 Elite Kipchak
43:47 Cuman Mercenaries
45:45 Parthian Tactics
45:48 Scale Mail Armor
46:24 Plate Barding Armor
45:12 Hussar
47:20 Steppe Husbandry
49:14 Iron Casting
53:55 Blast Furnace
54:30 Pikeman
55:11 Squires
Connection lost

Rejoining the realm…

Still unreachable

The connection could not be restored.

Session expired

The server has moved on; the page needs a fresh start.